 Dungeon Crawl Stone Soup version 0.28.0-56-g4927b6849a (webtiles) character file.

Game seed: 17896662016422351776

71707 AarnesTheHuman the Severer (level 15, -26/144 HPs)
             Began as a Hill Orc Fighter on Feb 6, 2023.
             Was a High Priest of the Shining One.
             Killed from afar by Jorgrun (40 damage)
             ... with an iron shot
             ... on level 12 of the Dungeon.
             The game lasted 00:50:24 (29293 turns).

AarnesTheHuman the Severer (Hill Orc Fighter)      Turns: 29293, Time: 00:50:24

Health: -26/144    AC: 22    Str: 27    XL:     15   Next: 37%
Magic:  8/16       EV: 11    Int: 21    God:    the Shining One [*****.]
Gold:   1786       SH:  5    Dex: 12    Spells: 14/14 levels left

rFire   . . .      SeeInvis .   H - +0 war axe (flame)
rCold   + . .      Faith    .   (no shield)
rNeg    + + .      Spirit   .   J - +0 plate armour of the Gastropod {rPois MP-9 Str+5 Stlth+}
rPois   +          Reflect  +   q - +0 hat of Acaj {rF+ Regen+ rCorr Int+6}
rElec   +          Harm     .   z - +0 cloak
rCorr   +          Rampage  .   y - +1 pair of gloves
Will    ++++.                   R - +0 pair of boots of a volcano {rElec Str-3 Int+7 Slay+2}
Stlth   ..........              G - amulet of reflection
HPRegen 1.14/turn               T - ring of willpower
MPRegen 0.15/turn               U - ring "Ques Miy" {Ice Drain rPois Will++ rCorr}

@: glowing
A: no striking features
a: Renounce Religion, Divine Shield, Cleansing Flame, Summon Divine Warrior


You were on level 12 of the Dungeon.
You worshipped the Shining One.
The Shining One was extremely pleased with you.
You visited 4 branches of the dungeon, and saw 21 of its levels.
You also visited: Sewer, Ossuary, Bailey and Gauntlet.

You collected 2136 gold pieces.
You spent 350 gold pieces at shops.

Inventory:

Hand Weapons
 a - the +8 battleaxe of Amortisation {vorpal, rN+ Will+}
   (You acquired it in a bailey)

   It inflicts extra damage upon your enemies.
   rN:        It protects you from negative energy.
   Will:      It increases your willpower.
 H - a +0 war axe of flaming (weapon)
 L - the +4 flail of Fedhas's Benevolence {venom, rF+ Str+2}
   (You found it on level 10 of the Dungeon)

   It poisons the flesh of those it strikes.
   Str:       It affects your strength (+2).
   rF:        It protects you from fire.
 V - a +6 battleaxe of freezing
Missiles
 e - 509 stones
 v - 21 poisoned darts (quivered)
 W - 415 bolts
 Z - 3 silver javelins
Armour
 q - the +0 hat of Acaj (worn) {rF+ Regen+ rCorr Int+6}
   (You found it in a Gauntlet)

   Int:       It affects your intelligence (+6).
   rF:        It protects you from fire.
   Regen:     It increases your rate of health regeneration.
   rCorr:     It protects you from acid and corrosion.
 y - a +1 pair of gloves (worn)
 z - a +0 cloak (worn)
 J - the +0 plate armour of the Gastropod (worn) {rPois MP-9 Str+5 Stlth+}
   (You found it in a bailey)

   Str:       It affects your strength (+5).
   rPois:     It protects you from poison.
   MP:        It affects your magic capacity (-9).
   Stlth:     It makes you more stealthy.
 R - the +0 pair of boots of a volcano (worn) {rElec Str-3 Int+7 Slay+2}
   (You acquired it on level 4 of the Lair of Beasts)

   Str:       It affects your strength (-3).
   Int:       It affects your intelligence (+7).
   Slay:      It affects your accuracy & damage with ranged weapons and melee
   (+2).
   rElec:     It insulates you from electricity.
 X - a +0 cloak of poison resistance
Jewellery
 b - a +6 ring of strength
 o - a ring of flight
 G - an amulet of reflection (around neck)
 Q - a ring of see invisible
 T - a ring of willpower (left hand)
 U - the ring "Ques Miy" (right hand) {Ice Drain rPois Will++ rCorr}
   (You found it on level 6 of the Lair of Beasts)

   [ring of ice]

   It enhances your ice magic.
   rF:        It makes you vulnerable to fire.
   rC:        It protects you from cold.
   rPois:     It protects you from poison.
   rCorr:     It protects you from acid and corrosion.
   Drain:     It drains your maximum health when unequipped.
   Will:      It greatly increases your willpower.
Wands
 w - a wand of digging (10)
 A - a wand of paralysis (3)
 I - a wand of flame (6)
 N - a wand of iceblast (10)
 P - a wand of charming (7)
Scrolls
 g - 5 scrolls of teleportation
 h - 2 scrolls of blinking
 x - 2 scrolls of fear
 C - 3 scrolls of amnesia
 E - 6 scrolls of immolation
 F - 3 scrolls of fog
 K - a scroll of summoning
 O - 3 scrolls of magic mapping
 S - 2 scrolls of vulnerability
Potions
 d - 4 potions of might
 f - 5 potions of flight
 i - 2 potions of brilliance
 j - 17 potions of curing
 k - 3 potions of haste
 n - 4 potions of magic
 p - 3 potions of ambrosia
 r - 4 potions of heal wounds
 t - 4 potions of berserk rage
 u - 2 potions of cancellation
 B - 6 potions of mutation
 D - 2 potions of lignification
Miscellaneous
 Y - a phial of floods


   Skills:
 + Level 16.2 Fighting
 + Level 17.5 Axes
 - Level 2.2 Crossbows
 - Level 15.0 Armour
 - Level 8.0 Dodging
 - Level 9.0 Shields
 - Level 14.0 Invocations


You had 14 spell levels left.
You didn't know any spells.
Your spell library contained the following spells:

 Spells                   Type           Power      Damage    Failure   Level
 Slow                     Hex            0%         N/A       75%         1
 Sting                    Tmut/Pois      0%         1d3       75%         1
 Summon Small Mammal      Summ           0%         N/A       75%         1
 Passwall                 Tmut/Erth      0%         N/A       86%         2
 Poisonous Vapours        Pois/Air       0%         N/A       86%         2
 Call Canine Familiar     Summ           0%         N/A       98%         3
 Confusing Touch          Hex            0%         N/A       98%         3
 Stone Arrow              Conj/Erth      0%         3d7       98%         3
 Summon Guardian Golem    Hex/Summ       0%         N/A       98%         3
 Vampiric Draining        Necr           0%         2d6       98%         3
 Animate Armour           Summ/Erth      0%         N/A       100%        4
 Olgreb's Toxic Radiance  Pois           0%         N/A       100%        4
 Petrify                  Tmut/Erth      0%         N/A       100%        4
 Blade Hands              Tmut           0%         N/A       100%        5
 Fireball                 Conj/Fire      0%         3d3       100%        5
 Irradiate                Conj/Tmut      0%         3d14      100%        5
 Starburst                Conj/Fire      0%         6d3       100%        6
 Statue Form              Tmut/Erth      0%         N/A       100%        6
 Dragon Form              Tmut           0%         N/A       100%        7
 Ignition                 Fire           0%         3d3       100%        8
 Lehudib's Crystal Spear  Conj/Erth      0%         10d2      100%        8


Dungeon Overview and Level Annotations

Branches:
Dungeon (12/15)            Temple (1/1) D:7            Lair (6/6) D:10
  Swamp (0/4) Lair:4        Snake (0/4) Lair:3        Slime (0/5) Lair:6
    Orc (2/2) D:10            Elf (0/3) Orc:2         Sewer (visited)
Ossuary (visited)          Bailey (visited)         Gauntlet (visited)

Altars:
Ashenzari
Cheibriados
Dithmenos
Elyvilon
Fedhas
Gozag
Hepliaklqana
Kikubaaqudgha
Makhleb
Nemelex Xobeh
Okawaru
Qazlal
Ru
Sif Muna
Trog
Uskayaw
Vehumet
Wu Jian
Xom
Yredelemnul
Zin
The Shining One

Shops:
D:8 *(=[   Orc:2 :=([

Annotations:
D:6 1 runed translucent door, Crazy Yiuf
D:9 1 runed translucent door
D:10 3 runed translucent doors, exclusion: 3 doors, NineInchNils's ghost, journeyman DsEn
D:11 2 transporters, Sensen's ghost, journeyman MiBe
D:12 Jorgrun
Lair:1 exclusion: oklob plant
Lair:3 exclusions: downstairs and 2 more exclusions
Lair:4 1 runed translucent door


Message History

* * * LOW HITPOINT WARNING * * *
You barely miss Jorgrun.
Jorgrun is severely wounded.
Jorgrun barely misses you.
You slash Jorgrun! You burn Jorgrun.
Jorgrun is severely wounded.
You feel much better.
Jorgrun hits you with a +0 vorpal quarterstaff!
* * * LOW HITPOINT WARNING * * *
x2 You barely miss Jorgrun.
Jorgrun is severely wounded.
Jorgrun hits you with a +0 vorpal quarterstaff!
* * * LOW HITPOINT WARNING * * *
x2 You feel much better.
Jorgrun points next to you and mumbles some strange words.
The wall shatters!
The blast of rock fragments hits you but does no damage.
Okay, then.
Unknown command.
You are momentarily dazzled by a brilliant light.
Jorgrun hits you but does no damage.
You closely miss Jorgrun.
Jorgrun is severely wounded.
Jorgrun hits you but does no damage.
You slash Jorgrun! You burn Jorgrun.
Jorgrun is severely wounded.
Your daeva hits Jorgrun but does no damage.
Your daeva barely misses Jorgrun.
Jorgrun hits you with a +0 vorpal quarterstaff!
* * * LOW HITPOINT WARNING * * *
x2 You hit Jorgrun but do no damage.
Jorgrun is severely wounded.
Your daeva completely misses Jorgrun.
Your daeva hits Jorgrun with a +5 scimitar of holy wrath!
You closely miss Jorgrun.
Jorgrun is almost dead.
Jorgrun mutters some incantations to himself.
Jorgrun gestures at you while chanting. The iron shot hits you!!!
You die...

...# *,,** ##.# *#######*
**,,* #.# *.......* **,*
##.## *.......* *,* ....#
*.......* #####+## ....#
*...(...* ####...>..#
=...#
*......A#####..'......#
....#
*......g#.....##......#
....#
***.......@.######......#
....###.+.......###
#......#
).....?.*.......*
#.!....#
....####*##+####*
#####'## ....# *,***
##..# #.### *,,,* ##..##
..# ****+*** #..## .##
*<,,,,,* ##.### '###
*,,,,,,* #....#


You could see Jorgrun (ally target) and a friendly daeva (summoned).

Vanquished Creatures
  Gastronok (Lair:2)
  A minotaur (Gauntlet)
  Snorg (D:10)
  4 boulder beetles
  12 hydras
  The ghost of H0rd4k the Slicer, a journeyman HuAr of Gozag (D:9)
  2 centaur warriors (Orc:2)
  3 catoblepae (Lair:6)
  A two-headed ogre (Orc:1)
  16 death yaks
  Sonja (Lair:6)
  5 orc knights
  Pikel (D:3)
  A deep elf pyromancer (D:12)
  2 orc sorcerers
  3 ugly things
  A cyclops (D:11)
  3 manticores
  6 elephants
  2 black mambas
  A torpor snail (Gauntlet)
  Psyche (D:10)
  8 cane toads
  10 komodo dragons
  An unseen horror (D:6)
  4 rime drakes
  2 kobold demonologists
  2 trolls
  A burning bush (Lair:6)
  A queen bee (Gauntlet)
  2 polar bears
  5 hornets
  13 slime creatures
  4 blink frogs (Lair:4)
  Sigmund (D:3)
  A wraith (D:10)
  4 wyverns
  50 yaks
  A vampire (D:11)
  2 basilisks
  5 vampire mosquitoes
  A swamp worm (Lair:4)
  An acid dragon (D:10)
  27 water moccasins
  44 orc warriors
  A swamp drake (D:10)
  4 sky beasts
  An ice beast (D:6)
  5 black bears
  9 ogres
  7 centaurs (Orc:2)
  8 wolves
  2 lemures (D:3)
  3 kobold brigands
  9 bullfrogs
  3 gnoll sergeants
  A scorpion (D:6)
  A water moccasin zombie (D:7)
  2 water moccasin skeletons
  27 killer bees
  12 wights
  5 electric eels
  3 howler monkeys (D:10)
  A bullfrog zombie (D:6)
  4 crimson imps (D:7)
  A bullfrog skeleton (D:5)
  4 jellies
  A human zombie (D:9)
  5 orc priests
  A centaur skeleton (D:4)
  A gnoll shaman (D:7)
  5 iguanas
  2 scorpion zombies (D:5)
  A merfolk siren (Sewer)
  16 orc wizards
  A merfolk avatar (Sewer)
  A killer bee zombie (D:7)
  A hound skeleton (D:5)
  8 mummies (Ossuary)
  2 howler monkey zombies
  18 gnolls
  3 river rats
  8 adders
  3 shadow imps (D:7)
  3 white imps
  An adder skeleton (D:5)
  3 worms
  2 dart slugs
  67 orcs
  4 bats (D:2)
  10 endoplasms
  3 giant cockroaches
  12 goblins
  12 hobgoblins
  4 quokkas
  7 ball pythons
  7 frilled lizards
  A goblin skeleton (D:9)
  2 hobgoblin zombies (Ossuary)
  14 kobolds
  5 kobold zombies
  2 orc zombies (Ossuary)
  20 rats
628 creatures vanquished.

Vanquished Creatures (others)
  A goblin (Bailey)
  2 bushes (Lair:5)
  19 fungi
  85 plants
107 creatures vanquished.

Grand Total: 735 creatures vanquished

Notes
Turn   | Place    | Note
-------+----------+-------------------------------------------
     0 | D:1      | AarnesTheHuman the Hill Orc Fighter began the quest for the
                  | Orb.
     0 | D:1      | Reached XP level 1. HP: 19/19 MP: 1/1
    90 | D:1      | Reached skill level 3 in Axes
    90 | D:1      | Reached XP level 2. HP: 27/27 MP: 2/2
   754 | D:2      | Reached XP level 3. HP: 3/33 MP: 3/3
  1028 | D:2      | Found a faded altar of an unknown god.
  1724 | D:2      | Reached XP level 4. HP: 39/40 MP: 4/4
  1888 | D:2      | You fall into a shaft and drop 2 floors!
  1888 | D:4      | Noticed Pikel
  1888 | D:4      | Noticed a lemure
  1888 | D:4      | Noticed a lemure
  1888 | D:4      | Noticed a lemure
  1888 | D:4      | Noticed a lemure
  1892 | D:4      | Noticed a water moccasin
  1893 | D:4      | Identified a scroll of acquirement
  1893 | D:4      | Acquired a manual of Armour
  1919 | D:4      | Killed a water moccasin
  1920 | D:4      | Reached skill level 4 in Axes
  1920 | D:4      | Reached XP level 5. HP: 40/47 MP: 5/5
  2051 | D:3      | Found a glowing drain.
  2058 | Sewer    | Entered a sewer
  2105 | Sewer    | Reached skill level 5 in Armour
  2141 | Sewer    | Reached skill level 5 in Fighting
  2169 | Sewer    | Reached XP level 6. HP: 48/56 MP: 6/6
  2859 | D:3      | Noticed Sigmund
  2875 | D:3      | Killed Sigmund
  2876 | D:3      | Reached skill level 5 in Axes
  2876 | D:3      | Reached skill level 5 in Shields
  2876 | D:3      | Reached XP level 7. HP: 20/61 MP: 7/7
  4350 | D:3      | Killed Pikel
  4351 | D:3      | Reached skill level 6 in Axes
  4351 | D:3      | Reached XP level 8. HP: 15/71 MP: 8/8
  4749 | D:4      | Found a sacrificial altar of Ru.
  5027 | D:4      | Found a hazy altar of Hepliaklqana.
  5088 | D:5      | Entered Level 5 of the Dungeon
  5279 | D:5      | Reached skill level 7 in Axes
  6126 | D:4      | Reached XP level 9. HP: 31/79 MP: 9/9
  6931 | D:6      | Found a runed translucent door.
  6932 | D:6      | Noticed Crazy Yiuf
  7022 | D:6      | Killed an unseen horror
  7023 | D:6      | Reached skill level 8 in Axes
  7619 | D:6      | Reached skill level 10 in Armour
  8094 | D:7      | Found an ornate altar of the Wu Jian Council.
  8096 | D:7      | Identified the +2 robe of the Cooper {*Corrode Fly rN+
                  | Int+5}
  8118 | D:7      | Reached skill level 9 in Axes
  8175 | D:7      | Found a sand-covered staircase.
  8249 | Ossuary  | Entered an ossuary
  8828 | D:7      | Reached XP level 10. HP: 51/91 MP: 10/10
  9030 | D:7      | Noticed a boulder beetle
  9050 | D:7      | Killed a boulder beetle
  9243 | D:7      | Found a staircase to the Ecumenical Temple.
  9251 | Temple   | Entered the Ecumenical Temple
  9488 | Temple   | Became a worshipper of the Shining One
  9736 | D:7      | Reached skill level 10 in Axes
  9984 | D:8      | Found a flagged portal.
  9992 | D:8      | Found Diyvuorer's Assorted Antiques.
  9996 | Bailey   | Entered a bailey
 10700 | Bailey   | Noticed a kobold demonologist
 10711 | Bailey   | Killed a kobold demonologist
 10721 | Bailey   | Acquired the +8 battleaxe of Amortisation {vorpal, rN+
                  | Will+}
 10816 | Bailey   | Reached skill level 10 in Fighting
 11233 | Bailey   | Found an iron altar of Okawaru.
 11233 | Bailey   | Noticed an orc knight
 11233 | Bailey   | Noticed an orc sorcerer
 11243 | Bailey   | Killed an orc sorcerer
 11245 | Bailey   | Killed an orc knight
 11246 | Bailey   | Reached skill level 11 in Axes
 11266 | Bailey   | Identified the +0 plate armour of the Gastropod {rPois MP-9
                  | Str+5 Stlth+}
 11310 | Bailey   | Got the Catalogue of Clay
 11408 | D:8      | Reached * piety under the Shining One
 11417 | D:8      | Reached XP level 11. HP: 98/101 MP: 2/11
 11426 | D:8      | Reached skill level 12 in Axes
 11613 | D:8      | Found Pamuur's Armour Emporium.
 11660 | D:8      | Found Egeraule's Weapon Shop.
 11940 | D:8      | Found a bloodstained altar of Trog.
 12174 | D:8      | Found Giqasapt's Jewellery Shoppe.
 12314 | D:9      | Paralysed by a hornet for 3 turns
 12318 | D:9      | Reached skill level 13 in Axes
 12551 | D:8      | Reached skill level 1 in Invocations
 12662 | D:9      | Reached ** piety under the Shining One
 12697 | D:9      | Found a runed translucent door.
 12700 | D:9      | Noticed H0rd4k's ghost (journeyman HuAr)
 12711 | D:9      | Killed H0rd4k's ghost
 12777 | D:9      | Found an iron altar of Okawaru.
 12835 | D:9      | Found a burning altar of Makhleb.
 12928 | D:9      | Found a glowing silver altar of Zin.
 13055 | D:9      | Found a runed translucent door.
 13061 | D:9      | Found a basalt altar of Yredelemnul.
 13271 | D:9      | Found a radiant altar of Vehumet.
 13275 | D:9      | Found a broken altar of Ashenzari.
 13451 | D:10     | Entered Level 10 of the Dungeon
 13475 | D:10     | Found a runed translucent gate.
 13476 | D:10     | Found a runed translucent gate.
 13478 | D:10     | Noticed NineInchNils's ghost (journeyman DsEn)
 13480 | D:10     | Found a runed translucent gate.
 13687 | D:10     | Found a staircase to the Orcish Mines.
 13824 | D:10     | Noticed Psyche
 13838 | D:10     | Identified the +4 flail of Fedhas's Benevolence {venom, rF+
                  | Str+2}
 13843 | D:10     | Killed Psyche
 13915 | D:10     | Noticed Snorg
 13922 | D:10     | Reached *** piety under the Shining One
 13929 | D:10     | HP: 4/102 [Snorg (13)]
 14396 | D:10     | Found a white marble altar of Elyvilon.
 14568 | D:10     | Reached XP level 12. HP: 95/112 MP: 6/15
 14665 | D:10     | Reached skill level 5 in Invocations
 14724 | D:10     | Found a staircase to the Lair.
 14876 | D:10     | Killed Snorg
 14877 | D:10     | Reached skill level 14 in Axes
 15439 | Lair:1   | Entered Level 1 of the Lair of Beasts
 16550 | Lair:2   | Noticed a five-headed hydra
 16572 | Lair:2   | Killed a one-headed hydra
 16573 | Lair:2   | Reached skill level 15 in Armour
 16573 | Lair:2   | Reached skill level 1 in Dodging
 16706 | Lair:2   | Reached skill level 15 in Axes
 16729 | Lair:2   | Noticed Gastronok
 16740 | Lair:2   | Killed Gastronok
 17297 | Lair:3   | Found an iron altar of Okawaru.
 17620 | Lair:3   | Found a staircase to the Snake Pit.
 18202 | Lair:4   | Noticed a death yak
 18202 | Lair:4   | Noticed a death yak
 18203 | Lair:4   | Noticed a death yak
 18203 | Lair:4   | Noticed a death yak
 18203 | Lair:4   | Noticed a death yak
 18204 | Lair:4   | Noticed a death yak
 18213 | Lair:3   | Killed a death yak
 18221 | Lair:3   | Killed a death yak
 18222 | Lair:3   | Reached XP level 13. HP: 74/118 MP: 10/19
 18466 | Lair:4   | Reached skill level 5 in Dodging
 18604 | Lair:4   | Reached skill level 10 in Invocations
 18844 | Lair:4   | Found a runed translucent door.
 18866 | Lair:4   | Acquired the +0 pair of boots of a volcano {rElec Str-3
                  | Int+7 Slay+2}
 18988 | Lair:4   | Reached **** piety under the Shining One
 19642 | Lair:4   | Found a staircase to the Swamp.
 21436 | D:8      | Bought a ring of willpower for 350 gold pieces
 21635 | Lair:6   | Entered Level 6 of the Lair of Beasts
 21885 | Lair:5   | Reached XP level 14. HP: 124/133 MP: 13/22
 22147 | Lair:6   | Found a staircase to the Slime Pits.
 22581 | Lair:6   | Reached skill level 16 in Axes
 22791 | Lair:6   | Reached ***** piety under the Shining One
 22793 | Lair:6   | Reached skill level 15 in Fighting
 23071 | Lair:6   | Noticed Sonja
 23077 | Lair:6   | Killed Sonja
 24017 | Lair:6   | Identified the +3 arbalest "Conservator" {penet, Contam rF+
                  | Int+2}
 24020 | Lair:6   | Identified the ring "Ques Miy" {Ice Drain rPois Will++
                  | rCorr}
 24299 | Orc:1    | Entered Level 1 of the Orcish Mines
 24332 | Orc:1    | You fall into a shaft and drop 1 floor!
 24332 | Orc:2    | Entered Level 2 of the Orcish Mines
 26725 | Orc:2    | Found a staircase to the Elven Halls.
 26870 | Orc:2    | Found Akuakh's Jewellery Shop.
 26870 | Orc:2    | Found Xaheack's Weapon Shoppe.
 26872 | Orc:2    | Found Laideruf's Armour Emporium.
 26874 | Orc:2    | Found Puesimul's Book Boutique.
 27044 | Orc:2    | Reached XP level 15. HP: 138/143 MP: 16/25
 27170 | D:11     | Reached skill level 17 in Axes
 27478 | D:11     | Found a transporter.
 27602 | D:11     | Found the +3 giant club "Skullcrusher" {speed, Str+7}
 27604 | D:11     | Noticed Sensen's ghost (journeyman MiBe)
 27635 | D:11     | Found a transporter.
 28013 | D:11     | Reached skill level 1 in Crossbows
 28226 | D:12     | Found a gate leading to a gauntlet.
 28235 | Gauntlet | Entered a Gauntlet
 28235 | Gauntlet | Found a transporter.
 28330 | Gauntlet | Found a transporter.
 28332 | Gauntlet | Found a transporter.
 28346 | Gauntlet | Found a transporter.
 28349 | Gauntlet | Found a transporter.
 28354 | Gauntlet | Found a transporter.
 28372 | Gauntlet | Found a transporter.
 28383 | Gauntlet | Found a transporter.
 28395 | Gauntlet | Found a transporter.
 28403 | Gauntlet | Found a runed translucent door.
 28403 | Gauntlet | Found a runed translucent door.
 28409 | Gauntlet | Found a transporter.
 28424 | Gauntlet | Found a transporter.
 28424 | Gauntlet | Found a transporter.
 28467 | Gauntlet | Found a transporter.
 28481 | Gauntlet | Found a transporter.
 28662 | Gauntlet | Identified the +0 hat of Acaj {rF+ Regen+ rCorr Int+6}
 29267 | D:12     | Noticed Jorgrun
 29287 | D:12     | HP: 4/144 [Jorgrun/+0 vorpal quarterstaff (10)]
 29293 | D:12     | Killed from afar by Jorgrun

Illustrated notes

Levels and vault maps discovered:
D:1:      wander_arrival_estate, layout_rooms
D:2:      layout_basic, ebering_ecumenical_altar_ruins, hex_large,
          serial_bayou_pond_c, serial_bayou_lagoon_a
D:3:      layout_basic, lightli_sewer_entry_pipes, uniq_sigmund
D:4:      layout_rooms, nicolae_ru_awakened_eye,
          mainiacjoe_overflow_small_starburst, uniq_pikel
D:5:      layout_basic
D:6:      layout_loops_cross, hangedman_decor_points,
          chequers_serial_rivers_micro_b, st_stairs_3, uniq_crazy_yiuf_cottage
D:7:      layout_rooms, nicolae_wu_jian_wuxing_cycle, minmay_temple_entry_wispy,
          nicolae_ossuary_entry_false_entrances, minmay_nine_imps
D:8:      layout_rooms, trog_antimagical, enter_bailey_2, serial_shops, shop,
          nicolae_shop_bloodbath_and_beyond, nicolae_shop_crystal,
          nicolae_shop_trees
D:9:      layout_loops_ring, lemuel_doored_altar, dk_yredelemnul_ordeal,
          old_standard_altar, minitemple, okawaru_altar_gauntlet_db,
          ebering_ghost_reflecting_pool, chequers_garden, serial_bayou_pond_d
D:10:     layout_basic, elyvilon_altar_1, erik_lair_dragon, erik_orc_1,
          special_room [special_room_orc], gammafunk_ghost_split, uniq_snorg,
          uniq_psyche
D:11:     layout_roguey, gammafunk_ghost_berserking_beasts, serial_aquarium,
          aquarium_bridge_straight [aquarium_subvault_bridge,
          aquarium_subvault_balcony, aquarium_subvault_bridge,
          aquarium_subvault_window], aquarium_window_fake, aquarium_window_1,
          aquarium_window_1, aquarium_window_1, aquarium_view_2f
D:12:     layout_roguey, gauntlet_entry_generic, kennysheep_nub, uniq_jorgrun
Temple:   minmay_temple_curvy_loop
Lair:1:   layout_layer_cave, lemuel_oklob_altar, uniq_grum
Lair:2:   layout_chaotic_city, lemuel_fruit_tree, uniq_gastronok
Lair:3:   layout_roguey, minmay_snake_entry_six_corridors, basic_altar,
          disabler_island
Lair:4:   gammafunk_mikee_crab_dinner, layout_misc_corridors,
          palyth_hydra_swamp_entry, nicolae_quartered_pool_little,
          grunt_megastairs_4
Lair:5:   layout_small_grid, serial_forest, infiniplex_forest_end_2,
          infiniplex_forest_clump_double, infiniplex_forest_straight_5,
          infiniplex_forest_straight_2, infiniplex_forest_clump_C,
          infiniplex_forest_straight_1, infiniplex_forest_clump_small,
          infiniplex_forest_lined_2, infiniplex_forest_straight_4,
          serial_bayou_shore_b
Lair:6:   evilmike_catoblepas_cave, layout_gridlike, minmay_slime_entry_pillars,
          chequers_serial_rivers_small_b, wad_woods_river_04, evilmike_ambush
          [evilmike_ambush_outer_basic, evilmike_ambush_inner_basic],
          infiniplex_staircase_pool_2, uniq_sonja
Orc:1:    layout_caves
Orc:2:    st_orc_rangers, layout_caves

Skill      XL: |  1  2  3  4  5  6  7  8  9 10 11 12 13 14 15 |
---------------+----------------------------------------------+-----
Axes           | 3 4 5 6 7 9 11 13 15 16 17 | 17.5
Fighting       | 4 5 6 7 9 10 11 12 14 15 16 | 16.2
Armour         | 4 5 6 7 9 10 13 14 15 | 15.0
Shields        | 4 5 6 8 9 |  9.0
Invocations    | 4 9 11 13 14 | 14.0
Dodging        | 4 5 7 8 |  8.0
Crossbows      | 2 |  2.2

Action                   |  1- 3 |  4- 6 |  7- 9 | 10-12 | 13-15 || total
-------------------------+-------+-------+-------+-------+-------++-------
Melee: War axe           |    85 |    32 |   160 |    28 |   101 ||   406
       Short sword       |    19 |   127 |    60 |       |       ||   206
       Whip              |       |       |   152 |   125 |       ||   277
       Battleaxe         |       |       |       |   333 |   429 ||   762
       Broad axe         |       |       |       |    26 |       ||    26
 Fire: Arbalest          |       |       |       |       |     2 ||     2
Throw: Dart              |       |     5 |     5 |     2 |     1 ||    13
       Stone             |       |       |     2 |       |       ||     2
Invok: Divine Shield     |       |       |       |       |     1 ||     1
       Cleansing Flame   |       |       |       |       |     1 ||     1
       Summon Divine War |       |       |       |       |     1 ||     1
Evoke: Wand              |       |       |       |     8 |     3 ||    11
  Use: Scroll            |       |     6 |    14 |     8 |     6 ||    34
       Potion            |       |       |       |     1 |     3 ||     4
 Stab: Paralysed         |       |       |       |     9 |       ||     9
Armor: Scale mail        |    63 |    67 |   177 |       |       ||   307
       Ring mail         |       |       |     6 |    88 |       ||    94
       Plate armour      |       |       |       |   184 |   351 ||   535
Dodge: Dodged            |    40 |    59 |   137 |   216 |   270 ||   722
Block: Buckler           |    26 |    25 |    94 |    50 |       ||   195
       Other             |       |       |       |    30 |   144 ||   174
       Reflection        |       |       |       |     3 |    23 ||    26
